 Dungeon Crawl Stone Soup version 0.31-a0-920-g28cbb04a8c (webtiles) character file.

Game seed: 11888321258380618950

1100 CowFu the Covered (level 8, -1/70 HPs)
             Began as a Minotaur Fighter on Oct 18, 2023.
             Was a Follower of the Shining One.
             Slain by an orc
             ... wielding a +0 flail
              (2 damage)
             ... on level 6 of the Dungeon.
             The game lasted 00:03:28 (3973 turns).

CowFu the Covered (Minotaur Fighter)                Turns: 3973, Time: 00:03:29

Health: -1/70      AC:  7    Str: 24    XL:     8   Next: 10%
Magic:  0/7        EV: 11    Int:  5    God:    the Shining One [*.....]
Gold:   271        SH:  6    Dex:  9    Spells: 7/7 levels left

rFire   . . .        a - +0 trident
rCold   . . .        c - +1 buckler
rNeg    + . .        b - +0 scale mail
rPois   .            (helmet restricted)
rElec   .            (no cloak)
rCorr   .            (no gloves)
SInv    +            (no boots)
Will    .....        l - amulet of guardian spirit Stlth
                     q - ring of positive energy
HPRegen 0.31/turn    u - ring of see invisible
MPRegen 0.10/turn

%: guardian spirit
@: weak-willed, mesmerised, glowing
A: horns 2, retaliatory headbutt
a: Renounce Religion, Divine Shield


You were on level 6 of the Dungeon.
You worshipped the Shining One.
The Shining One was aware of your devotion.
You visited 2 branches of the dungeon, and saw 7 of its levels.

You collected 292 gold pieces.
You donated 21 gold pieces to Zin.

Inventory:

Hand Weapons
 a - a +0 trident (weapon)
Armour
 b - a +0 scale mail (worn)
 c - a +1 buckler (worn)
Jewellery
 e - an amulet of magic regeneration
 l - an amulet of guardian spirit (around neck)
 q - a ring of positive energy (left hand)
 r - a ring of fire
 u - a ring of see invisible (right hand)
Wands
 s - a wand of flame (26)
Scrolls
 f - a scroll of enchant armour
 i - a scroll of vulnerability
 j - a scroll of summoning {unknown}
 k - 2 scrolls of enchant weapon {unknown}
 m - a scroll of poison {unknown}
 n - 2 scrolls of noise {unknown}
 v - a scroll of identify {unknown}
 x - a scroll of fog {unknown}
 y - a scroll of teleportation {unknown}
Potions
 d - a potion of might
 g - a potion of mutation {unknown}
 h - a potion of heal wounds {unknown}
 o - 2 potions of curing {unknown}
 p - a potion of haste {unknown}
 t - a potion of ambrosia {unknown}
 w - a potion of degeneration {unknown}


   Skills:
 - Level 6.0 Fighting
 + Level 6.0 Polearms
 - Level 6.0 Armour
 + Level 4.9 Dodging
 - Level 6.0 Shields


You had 7 spell levels left.
You didn't know any spells.
Your spell library contained the following spells:

 Spells                   Type           Power      Damage    Failure   Level
 Ensorcelled Hibernation  Hex/Ice        0%         N/A       91%         2
 Passwall                 Tmut/Erth      0%         N/A       91%         2
 Poisonous Vapours        Pois/Air       0%         N/A       91%         2
 Inner Flame              Hex/Fire       0%         N/A       99%         3
 Mephitic Cloud           Conj/Pois/Air  0%         N/A       99%         3
 Swiftness                Air            0%         N/A       99%         3
 Freezing Cloud           Conj/Ice/Air   0%         6-21      100%        5
 Yara's Violent Unravell  Hex/Tmut       0%         3d3       100%        5
 Enfeeble                 Hex            0%         N/A       100%        7


Dungeon Overview and Level Annotations

Branches:
Dungeon (6/15)             Temple (1/1) D:4

Altars:
Ashenzari
Cheibriados
Elyvilon
Fedhas
Hepliaklqana
Kikubaaqudgha
Makhleb
Nemelex Xobeh
Okawaru
Qazlal
Ru
Sif Muna
Trog
Uskayaw
Xom
Yredelemnul
Zin
The Shining One

Annotations:
D:5 3 runed translucent doors, Warped's ghost, novice DjFi; hgbash's ghost, novice TrSh
D:6 Dowan; Duvessa; Eustachio; Maggie; Sigmund


Innate Abilities, Weirdness & Mutations

You have a pair of horns on your head.
You reflexively headbutt those who attack you in melee.


Message History

You hit Maggie.
Maggie is moderately wounded.
Dowan smirks and points a slender finger.
Dowan gestures wildly while chanting.
Dowan blinks!
Maggie misses you. You furiously retaliate!
You headbutt Maggie! You hit Maggie.
Maggie is heavily wounded.
Maggie hits you with a +0 morningstar.
You barely miss Maggie. You headbutt Maggie!
Maggie is heavily wounded.
Maggie hits you with a +0 morningstar!
* * * LOW HITPOINT WARNING * * *
The orc hits you but does no damage.
Sigmund hits you from afar with a +0 scythe.
* * * LOW HITPOINT WARNING * * *
You are too injured to fight recklessly!
You are too injured to fight recklessly!
You are too injured to fight recklessly!
You are too injured to fight recklessly!
You are too injured to fight recklessly!
As you read the scroll labelled XAXKUMI DEUQE, it crumbles to dust.
It is a scroll of enchant armour.
Your +0 buckler glows green for a moment.
The orc hits you but does no damage.
Duvessa hits you with a +2 short sword of electrocution!
* * * LOW HITPOINT WARNING * * *
You block Maggie's attack.
Okay, then.
Okay, then.
As you read the scroll labelled NEICODAWIJ, it crumbles to dust.
Magic quickly surges around you.
It was a scroll of vulnerability.
Sigmund hits you but does no damage.
Dowan smirks and points a slender finger.
Maggie gives herself a magical halo, but it quickly sputters out.
Maggie hits you with a +0 morningstar.
* * * LOW HITPOINT WARNING * * *
Eustachio gestures wildly while chanting.
Eustachio blinks!
Duvessa hits you but does no damage. The orc hits you with a +0 flail.
You die...

#......[.....
###......!.....
#..............
##..............
.......@........
................
.......@<.......
#....§o#..##...
...####@#..#
#@e..# e.##.#
.... .# ....# ..
#....# .. ....##
.....


You could see Maggie (mesmerising, weak-willed), Eustachio (weak-willed),
Duvessa (weak-willed), Sigmund (weak-willed), Dowan (weak-willed) and an orc
(weak-willed).

Vanquished Creatures
  Menkaure (D:4)
  A black bear (D:5)
  3 ogres
  2 phantoms
  3 scorpions
  A howler monkey (D:5)
  2 hounds (D:5)
  A sleepcap (D:4)
  An iguana (D:5)
  6 adders
  A howler monkey skeleton (D:3)
  An adder skeleton (D:3)
  2 worms
  2 dart slugs
  7 orcs
  7 ball pythons
  5 endoplasms
  2 giant cockroaches (D:4)
  9 goblins
  5 hobgoblins (D:1)
  3 jackals (D:2)
  8 kobolds
  3 quokkas
  A ball python zombie (D:3)
  6 bats
  A frilled lizard (D:1)
  A quokka skeleton (D:3)
  13 rats
98 creatures vanquished.

Notes
Turn   | Place    | Note
-------+----------+-------------------------------------------
     0 | D:1      | CowFu the Minotaur Fighter began the quest for the Orb.
     0 | D:1      | Reached XP level 1. HP: 19/19 MP: 0/0
    60 | D:1      | Found a faded altar of an unknown god.
    71 | D:1      | Reached XP level 2. HP: 27/27 MP: 1/1
   243 | D:1      | Reached skill level 1 in Dodging
   319 | D:1      | Reached XP level 3. HP: 33/33 MP: 2/2
  1316 | D:3      | Reached XP level 4. HP: 40/40 MP: 3/3
  1661 | D:4      | Noticed an ogre
  1666 | D:4      | Killed an ogre
  1667 | D:4      | Reached XP level 5. HP: 22/47 MP: 1/4
  1853 | D:4      | Found a glowing silver altar of Zin.
  1871 | D:4      | Became a worshipper of Zin the Law-Giver
  1871 | D:4      | Reached * piety under Zin
  1914 | D:4      | Found a staircase to the Ecumenical Temple.
  1926 | Temple   | Entered the Ecumenical Temple
  1946 | Temple   | Fell from the grace of Zin
  1946 | Temple   | Became a worshipper of the Shining One
  1997 | D:4      | Noticed a phantom
  2004 | D:4      | Killed a phantom
  2005 | D:4      | Reached XP level 6. HP: 45/55 MP: 3/5
  2051 | D:4      | Reached skill level 5 in Armour
  2051 | D:4      | Reached skill level 5 in Shields
  2119 | D:4      | Reached skill level 5 in Fighting
  2191 | D:4      | Noticed Menkaure
  2202 | D:4      | Killed Menkaure
  2562 | D:5      | Entered Level 5 of the Dungeon
  2654 | D:5      | Found a white marble altar of Elyvilon.
  2688 | D:5      | Reached XP level 7. HP: 56/61 MP: 6/6
  3102 | D:5      | Reached skill level 5 in Polearms
  3680 | D:5      | Found a hide-covered altar of Uskayaw.
  3709 | D:5      | Reached XP level 8. HP: 70/70 MP: 7/7
  3922 | D:5      | Found a runed translucent gate.
  3923 | D:5      | Found a runed translucent gate.
  3924 | D:5      | Found a runed translucent gate.
  3926 | D:5      | Noticed Warped's ghost (novice DjFi)
  3926 | D:5      | Noticed hgbash's ghost (novice TrSh)
  3926 | D:5      | Noticed hgbash's ghost (novice TrSh)
  3955 | D:6      | Noticed Maggie
  3965 | D:6      | Noticed Duvessa
  3965 | D:6      | Noticed Sigmund
  3966 | D:6      | Noticed Eustachio
  3966 | D:6      | Reached * piety under the Shining One
  3968 | D:6      | Noticed Dowan
  3972 | D:6      | HP: 2/70 [Duvessa/+2 short sword of electrocution (11)]
  3973 | D:6      | Slain by an orc

Illustrated notes

Levels and vault maps discovered:
D:1:      mrwooster_arrival_statue_2, layout_rooms,
          chequers_ecumenical_altar_island, minmay_rat_gold_closets
D:2:      layout_rooms, grunt_ministairs_5, hangedman_decor_push
D:3:      layout_basic, serial_undead, serial_undead_c, serial_undead_d,
          serial_undead_f, serial_undead_f, hangedman_decor_clover_reticule
D:4:      layout_basic, mainiacjoe_overflow_24_doors, minmay_temple_entry_mist,
          minmay_misc_feat_alley, due_unseen_surprise, uniq_menkaure
D:5:      layout_layer_cave, kennysheep_mini, kennysheep_little_box,
          gammafunk_ghost_cemetery
D:6:      layout_cave_pools, nicolae_overflow_hidden_temple, uniq_eustachio,
          uniq_duvessa, uniq_jeremiah, uniq_sigmund, uniq_maggie
Temple:   hellmonk_temple_of_storms

Skill      XL: |  1  2  3  4  5  6  7  8 |
---------------+-------------------------+-----
Dodging        | 1 2 3 4 |  4.9
Armour         | 4 5 6 |  6.0
Fighting       | 4 5 6 |  6.0
Shields        | 4 5 6 |  6.0
Polearms       | 3 4 5 6 |  6.0

Action                     |  1- 3 |  4- 6 |  7- 9 || total
---------------------------+-------+-------+-------++-------
  Melee: Trident           |   108 |    97 |    58 ||   263
         Headbutt          |    11 |    14 |    12 ||    37
    Use: Scroll            |       |       |     2 ||     2
 Armour: Scale mail        |    37 |    45 |    34 ||   116
  Dodge: Dodged            |    29 |    26 |    13 ||    68
  Block: Buckler           |    12 |    10 |     3 ||    25

Table legend: (Time is in decaauts)
 A = Elapsed time spent in this place.
 B = Non-inter-level travel time spent in this place.
 C = Inter-level travel time spent in this place.
 D = Time resting spent in this place.
 E = Time spent auto-exploring this place.
 F = Levels seen in this place.
 G = Mean time per level.
                   A        B        C        D        E       F      G
               +--------+--------+--------+--------+--------+-----+--------+
         Total |   4022 |   3944 |     78 |      0 |   3289 |   7 |  574.6 |
       Dungeon |   3981 |   3922 |     59 |      0 |   3289 |   6 |  663.5 |
        Temple |     40 |     21 |     19 |      0 |      0 |   1 |   40.0 |
               +--------+--------+--------+--------+--------+-----+--------+

Top non-repeatable levels by time:
     D:5: 1396 daAuts
     D:4: 891 daAuts
     D:1: 662 daAuts
     D:2: 580 daAuts
     D:3: 432 daAuts
  Temple: 40 daAuts
     D:6: 17 daAuts
